 Dungeon Crawl Stone Soup version 0.27-a0-1147-gb3d8e82157 (webtiles) character file.

Game seed: 1383965824799990378

1864 KapersCrawl the Fighter (level 9, -5/85 HPs)
             Began as a Ghoul Monk on May 12, 2021.
             Slain by an orc warrior
             ... wielding a +0 flail
              (6 damage)
             ... on level 7 of the Dungeon.
             The game lasted 00:17:26 (7061 turns).

KapersCrawl the Fighter (Ghoul Monk)                Turns: 7061, Time: 00:17:27

Health: -5/85      AC: 10    Str: 16    XL:     9   Next: 13%
Magic:  8/8        EV:  5    Int: 11    God:
Gold:   142        SH: 10    Dex: 13    Spells: 8/8 levels left

rFire    . . .     SeeInvis .   a - +0 dagger (elec)
rCold    + . .     Faith    .   m - +1 kite shield
rNeg     + + +     Spirit   .   s - +0 chain mail
rPois    ∞         Reflect  .   w - +0 helmet
rElec    .         Harm     .   (no cloak)
rCorr    +         Rampage  .   (no gloves)
Will     .....                  (no boots)
Stlth    ..........             (no amulet)
HPRegen  0.00/turn              i - +6 ring of intelligence
MPRegen  0.11/turn              o - ring of resist corrosion

@: mighty
A: claws 1, cold resistance 1, negative energy resistance 3, inhibited
regeneration, torment resistance 2
a: no special abilities


You were on level 7 of the Dungeon.
You visited 1 branch of the dungeon, and saw 7 of its levels.
You also visited: Sewer.

You collected 198 gold pieces.
You spent 56 gold pieces at shops.

Inventory:

Hand Weapons
 a - a +0 dagger of electrocution (weapon)
 b - a +2 vorpal hunting sling
Missiles
 l - 176 stones (quivered)
 x - 41 poisoned darts
Armour
 m - a +1 kite shield (worn)
 s - a +0 chain mail (worn)
 w - a +0 helmet (worn)
Jewellery
 i - a +6 ring of intelligence (left claw)
 o - a ring of resist corrosion (right claw)
Wands
 g - a wand of iceblast (3)
Scrolls
 c - 2 scrolls of magic mapping
 k - 3 scrolls of teleportation
 q - a scroll of fog
 t - a scroll of immolation
Potions
 d - a potion of mutation {unknown}
 e - 3 potions of flight {unknown}
 f - 2 potions of lignification {unknown}
 h - a potion of heal wounds {unknown}
 j - 3 potions of haste {unknown}
 n - a potion of cancellation {unknown}
 p - a potion of invisibility {unknown}
 r - a potion of curing {unknown}
 u - a potion of degeneration {unknown}
 v - a potion of resistance
 A - a potion of attraction {unknown}


   Skills:
 + Level 9.8 Fighting
 - Level 3.0 Armour
 - Level 3.0 Dodging
 - Level 4.4 Stealth
 - Level 5.0 Shields
 - Level 4.0 Unarmed Combat


You had 8 spell levels left.
You didn't know any spells.
Your spell library contained the following spells:

 Spells                   Type           Power      Damage    Failure   Level
 Magic Dart               Conj           0%         1d3       100%        1
 Blink                    Tloc           N/A        N/A       100%        2
 Call Imp                 Summ           0%         N/A       100%        2
 Slow                     Hex            0%         N/A       100%        2
 Conjure Flame            Conj/Fire      0%         6-21      100%        3
 Mephitic Cloud           Conj/Pois/Air  0%         N/A       100%        3


Dungeon Overview and Level Annotations

Branches:
Dungeon (8/15)              Sewer (visited)
 Temple: D:4-7         Lair: D:8-11

Altars:
Trog

Shops:
D:3 !

Annotations:
D:8 1 runed translucent door, exclusion: 3 doors, miami27's ghost, novice SpEn


Innate Abilities, Weirdness & Mutations

You thrive by killing the living.
You are immune to poison.
You have sharp fingernails.
Your flesh is cold resistant. (rC+)
You are immune to negative energy. (rN+++)
You do not regenerate when monsters are visible.
You are immune to unholy pain and torment.


Message History

You hit the orc warrior.
The orc warrior is lightly wounded.
The orc warrior hits you with a +0 flail!
* * * LOW HITPOINT WARNING * * *
You puncture the orc warrior!
The orc warrior is moderately wounded.
The orc warrior hits you but does no damage.
You closely miss the orc warrior.
The orc warrior is moderately wounded.
The orc warrior completely misses you.
You hit the orc warrior but do no damage.
The orc warrior is moderately wounded.
You block the orc warrior's attack.
You closely miss the orc warrior.
The orc warrior is moderately wounded.
You block the orc warrior's attack.
The orc warrior hits you with a +0 flail!
* * * LOW HITPOINT WARNING * * *
Okay, then.
Sorry, you're not good enough to have a special ability.
Okay, then.
Okay, then.
You hit the orc warrior.
Lightning courses through the orc warrior!
The orc warrior is severely wounded.
The orc warrior hits you with a +0 flail.
* * * LOW HITPOINT WARNING * * *
You closely miss the orc warrior.
The orc warrior is severely wounded.
You block the orc warrior's attack.
You hit the orc warrior.
The orc warrior is almost dead.
The orc warrior hits you but does no damage.
You closely miss the orc warrior.
The orc warrior is almost dead.
You block the orc warrior's attack. x2
You hit the orc warrior but do no damage.
The orc warrior is almost dead.
The orc warrior hits you with a +0 flail.
You die...

########.#
#ooSo@...#
#>########
#.#
.......oS#
....###..#
#. #..#
#..# #...
##.#


You could see an orc warrior, a water moccasin and 2 orcs.

Vanquished Creatures
  A wyvern (D:8)
  Eustachio (D:4)
  Menkaure (D:4)
  An orc warrior (D:4)
  A sky beast (D:8)
  A necrophage (D:5)
  A phantom (D:5)
  Blork the orc (D:4)
  2 bullfrogs (D:8)
  3 scorpions (D:5)
  A water moccasin zombie (D:5)
  3 wights (D:5)
  A hound (D:5)
  4 orc priests
  A centaur skeleton (D:5)
  A jelly (D:5)
  A bullfrog skeleton (D:4)
  An iguana (D:4)
  2 orc wizards (D:4)
  7 gnolls
  6 adders
  2 ufetubi (D:5)
  3 dart slugs
  10 orcs
  4 ball pythons
  A bat skeleton (D:8)
  A bat zombie (D:8)
  7 endoplasms
  5 giant cockroaches
  8 goblins
  5 hobgoblins
  15 jackals
  7 quokkas
  9 bats
  8 frilled lizards
  2 jackal skeletons (D:4)
  3 kobolds
  7 rats
138 creatures vanquished.

Notes
Turn   | Place    | Note
-------+----------+-------------------------------------------
     0 | D:1      | KapersCrawl the Ghoul Monk began the quest for the Orb.
     0 | D:1      | Reached XP level 1. HP: 19/19 MP: 0/0
    75 | D:1      | Reached XP level 2. HP: 19/27 MP: 1/1
    76 | D:1      | Reached skill level 4 in Fighting
   526 | D:1      | Reached XP level 3. HP: 30/33 MP: 2/2
  2060 | D:3      | Reached XP level 4. HP: 26/40 MP: 3/3
  2415 | D:3      | Found a glowing drain.
  2433 | Sewer    | Entered a sewer
  3069 | D:3      | Found Egixydwu's Distillery.
  3230 | D:3      | Reached XP level 5. HP: 45/46 MP: 4/4
  3530 | D:4      | Noticed Blork the orc
  3538 | D:4      | Killed Blork the orc
  3539 | D:4      | Reached skill level 5 in Fighting
  3584 | D:4      | Noticed Eustachio
  3658 | D:3      | Bought a potion of might for 56 gold pieces
  3697 | D:4      | Found a bloodstained altar of Trog.
  3699 | D:4      | Noticed Menkaure
  3815 | D:4      | Reached XP level 6. HP: 50/56 MP: 5/5
  3827 | D:4      | Reached skill level 1 in Armour
  4248 | D:4      | Killed Menkaure
  4249 | D:4      | Reached skill level 6 in Fighting
  4249 | D:4      | Reached XP level 7. HP: 57/63 MP: 6/6
  4476 | D:4      | Killed Eustachio
  4898 | D:4      | Reached XP level 8. HP: 43/70 MP: 7/7
  5274 | D:5      | Entered Level 5 of the Dungeon
  5334 | D:5      | Reached skill level 5 in Shields
  5612 | D:5      | Reached skill level 7 in Fighting
  5951 | D:5      | Reached skill level 8 in Fighting
  6115 | D:5      | You fall into a shaft and drop 3 floors!
  6316 | D:8      | Reached skill level 9 in Fighting
  6316 | D:8      | Reached XP level 9. HP: 16/83 MP: 8/8
  7032 | D:8      | Found a runed translucent door.
  7032 | D:8      | Noticed a boulder beetle
  7032 | D:8      | Noticed miami27's ghost (novice SpEn)
  7057 | D:7      | HP: 1/85 [orc warrior/+0 flail (5)]
  7061 | D:7      | Slain by an orc warrior

Illustrated notes

Levels and vault maps discovered:
D:1:      minmay_arrival_solitary_statue, layout_loops_ring, patterned_corridor
D:2:      layout_basic, kennysheep_boxes
D:3:      layout_basic, portal_sewer_entry_b, serial_shops, shop
D:4:      layout_loops_ring, bloody_trog, uniq_eustachio, uniq_blork_the_orc,
          uniq_menkaure
D:5:      layout_rooms, minmay_statues_item
D:7:      layout_loops_ring, nicolae_gozag_seed_capital, jmf_multi_god_temple2,
          uniq_joseph
D:8:      layout_basic, nzn_wu_jian_council_hall, old_standard_altar,
          kennysheep_vampire_church, ebering_ghost_inner_flame

Skill      XL: |  1  2  3  4  5  6  7  8 |
---------------+-------------------------+-----
Fighting       | 4 5 6 9 |  9.8
Unarmed Combat | 4 |  4.0
Dodging        | 3 |  3.0
Stealth        | 3 4 |  4.4
Armour         | 2 3 |  3.0
Shields        | 4 5 |  5.0

Action                   |  1- 3 |  4- 6 |  7- 9 || total
-------------------------+-------+-------+-------++-------
Melee: Unarmed           |    56 |    20 |       ||    76
       Punch             |     3 |       |       ||     3
       Dagger            |    75 |   132 |   256 ||   463
 Fire: Hunting sling     |       |    54 |    27 ||    81
Throw: Stone             |     6 |       |       ||     6
Evoke: Wand              |       |     2 |     6 ||     8
  Use: Scroll            |     5 |     2 |     2 ||     9
       Potion            |       |       |     2 ||     2
 Stab: Sleeping          |     3 |       |       ||     3
Armor: Robe              |     6 |       |       ||     6
       Ring mail         |    30 |    56 |       ||    86
       Chain mail        |       |    20 |   130 ||   150
Dodge: Dodged            |    46 |    66 |    47 ||   159
Block: Kite shield       |    25 |    81 |   114 ||   220

Table legend: (Time is in decaauts)
 A = Elapsed time spent in this place.
 B = Non-inter-level travel time spent in this place.
 C = Inter-level travel time spent in this place.
 D = Time resting spent in this place.
 E = Time spent auto-exploring this place.
 F = Levels seen in this place.
 G = Mean time per level.
                   A        B        C        D        E       F      G
               +--------+--------+--------+--------+--------+-----+--------+
         Total |   7368 |   6844 |    524 |   1460 |   3718 |   8 |  921.0 |
       Dungeon |   6619 |   6095 |    524 |   1338 |   3324 |   7 |  945.6 |
         Sewer |    748 |    748 |      0 |    122 |    394 |   1 |  748.0 |
               +--------+--------+--------+--------+--------+-----+--------+

Top non-repeatable levels by time:
     D:4: 1705 daAuts
     D:3: 1164 daAuts
     D:2: 1055 daAuts
     D:1: 1051 daAuts
     D:8: 933 daAuts
   Sewer: 748 daAuts
     D:5: 678 daAuts
     D:7: 30 daAuts
